← All builds
Pond / Legion / Economy first / OBSERVED BUILD

Standard pond

Legion Pond build order · Supreme Isthmus

Legion Pond builds its bot lab by 3:45, boosts front and tidals, then adds a shipyard around 8:25 and an advanced metal extractor by 9:11, transitioning into seaplane gunships and other bots to keep helping the front hold until team T2.

#eco #team support · 17 distinct matches · 9 players · 26% of Legion Pond games · team won 65% of 17 · Recently observed

HOW TO PLAY IT

Key timing: Legion Bot Lab by 3:23

  1. Open with a wall of tidals, planning to boost front hard.
  2. Add mex and wind, then build Legion Bot Lab for units.
  3. Keep stacking wind to pay the front's boost needs.
  4. Eat the Legion Bot Lab around 5:12 to fund more units.
  5. Build shipyard and Advanced Metal Extractor, transition into gunships and bots.

Phase by phase

TYPICAL OF ITS 17 GAMES
  1. 1
  2. 2
  3. 3
PLAY THE OPENING

Follow the example game's first 6:00 step by step: what to build now, what comes next, and where it goes. At 1× it keeps pace with your own game.

  1. 1

    Up to the Legion Bot Lab

    Economy
    • Metal Extractor4Mex
    • Tidal Generator8Tidalfor allies
    • Tidal Generator2Tidal
    • Wind Turbine1Wind
    Order
    1. Legion Bot LabLegion Bot Lab after 4 mex, 2 tidal, 1 winddone ~3:20, middle half 3:03–3:29

    Some games also: energy storage (47%)

    By 3:03 in all: 4 mex · 2 tidal · 1 wind

    The example game in this phase · 5 steps
    1. Tidal ×2for Suicide front
    2. Tidal
    3. Tidal ×6for Suicide front
    4. Mex ×4
    5. Legion Bot LabLegion Bot Labdone 3:08 · typical 3:20
  2. 2

    Legion Bot Lab to 5:00

    Economy
    • Wind Turbine4Wind
    Builders
    • Construction Turret1 Con turret
    • Legion Construction Bot4 Legion Construction Bot

    Some games also: Zagreus (41%) · energy storage (35%)

    By 5:00 in all: 4 mex · 9 wind · 2 tidal · 1 energy storage · 1 con turret

    The example game in this phase · 11 steps
    1. Wind ×2
    2. ZagreusZagreus
    3. Wind ×3
    4. Legion Construction BotLegion Construction Bot
    5. Wind ×3
    6. Legion Construction BotLegion Construction Bot
    7. Energy storage
    8. Legion Construction BotLegion Construction Bot ×2
    9. Wind
    10. Con turret
    11. Wind
  3. 3

    5:00 to 10:00

    Economy
    • Wind Turbine49Wind
    • Energy Converter8Converter
    Order
    1. Legion Bot LabEat Legion Bot Lab in 53% of games
    Builders
    • Construction Turret2 Con turret
    • Legion Construction Bot3 Legion Construction Bot

    Some games also: Pharos (35%)

    By 10:00 in all: 4 mex · 51 wind · 2 tidal · 9 converter · 1 energy storage · 2 con turret

    The example game in this phase · 180 steps
    1. Legion Construction BotLegion Construction Bot
    2. Wind
    3. Converter
    4. AmputatorAmputator
    5. Converter
    6. Wind
    7. Legion Construction BotLegion Construction Bot
    8. Converter
    9. GoblinGoblin
    10. Wind
    11. GoblinGoblin
    12. Converter
    13. GoblinGoblin
    14. Wind
    15. GoblinGoblin
    16. Converter
    17. Wind
    18. GoblinGoblin
    19. Dragon's TeethDragon's Teeth
    20. GoblinGoblin
    21. Dragon's TeethDragon's Teeth
    22. Wind
    23. Dragon's TeethDragon's Teeth
    24. GoblinGoblin
    25. Dragon's TeethDragon's Teeth ×3
    26. GoblinGoblin
    27. Wind
    28. Dragon's TeethDragon's Teeth ×2
    29. GoblinGoblin
    30. Dragon's TeethDragon's Teeth
    31. Wind
    32. Dragon's TeethDragon's Teeth
    33. GoblinGoblin
    34. Dragon's TeethDragon's Teeth
    35. GoblinGoblin ×3
    36. Wind
    37. GoblinGoblin
    38. Wind
    39. GoblinGoblin
    40. Wind
    41. GoblinGoblin
    42. Wind
    43. GoblinGoblin ×2
    44. Wind
    45. GoblinGoblin ×2
    46. Wind
    47. GoblinGoblin
    48. Wind
    49. GoblinGoblin
    50. Wind
    51. GoblinGoblin
    52. Legion Construction BotLegion Construction Bot
    53. Wind
    54. GoblinGoblin
    55. Wind
    56. GoblinGoblin
    57. Wind
    58. GoblinGoblin
    59. Converter
    60. Wind
    61. GoblinGoblin
    62. Wind
    63. ZagreusZagreus
    64. Converter
    65. Wind ×3
    66. GoblinGoblin
    67. Wind
    68. GoblinGoblin
    69. Advanced Metal ExtractorT2 mexdone 9:33 · typical 9:32
    70. Converter
    71. GoblinGoblin
    72. Wind
    73. Con turret
    74. GoblinGoblin
    75. Converter
    76. Wind ×5
    77. GoblinGoblin ×2
    78. Wind
    79. GoblinGoblin ×2
    80. Wind
    81. GoblinGoblin ×2
    82. Wind
    83. ZagreusZagreus
    84. Wind ×2
    85. GoblinGoblin ×2
    86. Wind
    87. GoblinGoblin ×3
    88. PharosPharos
    89. Wind
    90. GoblinGoblin ×2
    91. PharosPharos
    92. Advanced Metal ExtractorT2 mex
    93. GoblinGoblin
    94. Wind
    95. GoblinGoblin ×2
    96. PharosPharos
    97. Wind
    98. GoblinGoblin
    99. Legion Construction BotLegion Construction Bot
    100. Wind
    101. PharosPharos
    102. Advanced Metal ExtractorT2 mex
    103. GoblinGoblin ×2
    104. Con turret
    105. PharosPharos
    106. GoblinGoblin
    107. Wind
    108. GoblinGoblin ×2
    109. Con turret
    110. GoblinGoblin
    111. Wind
    112. GoblinGoblin
    113. Wind
    114. GoblinGoblin ×2
    115. Wind
    116. GoblinGoblin ×3
    117. Wind
    118. GoblinGoblin ×3
    119. Wind
    120. GoblinGoblin ×3
    121. Wind ×2
    122. GoblinGoblin ×4
    123. Wind
    124. GoblinGoblin ×4
    125. Wind
    126. GoblinGoblin ×3
    127. Advanced Metal ExtractorT2 mex
    128. Wind ×2
    129. GoblinGoblin
    130. Wind ×2
    131. GoblinGoblin
    132. Wind
    133. GoblinGoblin ×2
    134. Wind
    135. GoblinGoblin ×3
    136. Wind
    137. GoblinGoblin ×3
    138. Wind
    139. GoblinGoblin
    140. Wind
    141. GoblinGoblin ×3
    142. Wind
    143. GoblinGoblin ×3
    144. Wind
    145. GoblinGoblin ×3
    146. Wind
    147. GoblinGoblin ×2
    148. Wind
    149. GoblinGoblin ×2
    150. Wind
    151. GoblinGoblin ×2
    152. Pit BullPit Bull
    153. GoblinGoblin
    154. Wind
    155. GoblinGoblin
    156. Wind
    157. GoblinGoblin
    158. Wind ×2
    159. GoblinGoblin ×2
    160. Con turret
    161. Pit BullPit Bull
    162. GoblinGoblin
    163. NyxNyx
    164. Radar TowerRadar Tower
    165. Wind
    166. GoblinGoblin
    167. Fortification WallFortification Wall ×4
    168. Wind
    169. GoblinGoblin
    170. Wind ×2
    171. GoblinGoblin
    172. Wind
    173. Fortification WallFortification Wall ×2
    174. GoblinGoblin
    175. Fortification WallFortification Wall
    176. Wind
    177. GoblinGoblin
    178. Wind ×2
    179. Pit BullPit Bull
    180. Wind ×7

Counts are medians over the build's games: half of them build more, half fewer. The example game is Kurosul's (34 OS, 18/09/2026); pick another.

Team trades

IN AT LEAST 30% OF ITS GAMES

You hand over

  • Tidal Generator8 Tidal to Suicide front or Frontfirst at 0:11 · in 94% of games

You get

  • Advanced Construction Bot1 T2 con bot from Tech or Geofirst at 7:53 · in 88% of games

How it plays out

Typical game of this build, running totals by minute

Metal produced

010k20k
0:005:0010:0015:00

metal

Enemy metal destroyed

02k4k6k
0:005:0010:0015:00

metal

Own metal lost

01k2k3k
0:005:0010:0015:00

metal

17 games.

Show as table
ByMetal produced: This buildEnemy metal destroyed: This buildOwn metal lost: This build
1:0011500
2:0027400
3:0078100
4:00145300
5:00212500
6:00313300
7:00423200
8:005327400
9:00666119030
10:008115378140
11:0010062648200
12:00123531015720
13:001508617201260
14:001732229281815
15:001949742432740
WHAT THE NUMBERS SAY

Standard pond play with the best win rate shown, built on heavy tidal boosting for front.

  • + Team won 71% of games, highest win rate among all standard builds shown.
  • − Produces the least metal of any role's standard build by 10:00 (7958).
THE EXAMPLE YOU ARE READING

Kurosul

34.3 OS · 18/09/2026

Open source match ↗

1 received units · includes a constructor
252 metal received · 28916 energy received

Allied construction assistance is unknown. Timings are observations, not a promise of solo reproducibility.

Typical milestones

Legion Bot Lab3:20Middle 50%: 3:03–3:29 · n=16
Advanced Metal Extractor9:32Middle 50%: 8:06–9:44 · n=14

Played most by

Yamato4games of this buildBoozha3games of this buildViltrum3games of this buildKurosul2games of this buildDrSmack1game of this build